 Dungeon Crawl Stone Soup version 0.31-a0-879-g1609e0ac53 (webtiles) character file.

Game seed: 5363970992776809952

23 arthad the Digger (level 2, -16/15 HPs)
             Began as a Gargoyle Earth Elementalist on Oct 14, 2023.
             Demolished by a gnoll
             ... wielding a +2 spear of distortion
              (24 damage)
             ... on level 1 of the Dungeon.
             The game lasted 00:01:11 (908 turns).

arthad the Digger (Gargoyle Earth Elementalist)      Turns: 908, Time: 00:01:12

Health: -16/15     AC:  4    Str: 11    XL:     2   Next: 95%
Magic:  3/5        EV: 12    Int: 15    God:
Gold:   25         SH:  0    Dex: 10    Spells: 4/5 levels left

rFire   . . .        c - +2 whip (venom)
rCold   . . .        (no shield)
rNeg    + . .        a - +0 robe
rPois   ∞            (no helmet)
rElec   +            (no cloak)
rCorr   .            (no gloves)
SInv    .            (no boots)
Will    .....        (no amulet)
Stlth   ++           (no ring)
HPRegen 0.22/turn    (no ring)
MPRegen 0.09/turn

%: no passive effects
@: no status effects
A: sickness immunity, AC +2, negative energy resistance 1, electricity
resistance, torment resistance 1, petrification resistance
a: no special abilities


You were on level 1 of the Dungeon.
You visited 1 branch of the dungeon, and saw 1 of its levels.

You collected 25 gold pieces.

Inventory:

Hand Weapons
 c - a +2 whip of venom (weapon)
 e - a +1 hand axe of draining
Armour
 a - a +0 robe (worn)
Scrolls
 d - a scroll of identify {unknown}
Potions
 b - a potion of magic


   Skills:
 + Level 0.0 Fighting
 + Level 1.8 Dodging
 + Level 2.5 Stealth
 * Level 2.2 Spellcasting
 + Level 0.0 Conjurations
 * Level 1.2 Transmutations
 * Level 3.9 Earth Magic


You had 4 spell levels left.
You knew the following spells:

 Your Spells              Type           Power      Damage    Failure   Level
a - Sandblast             Erth           26%        2d8       4%          1

Your spell library contained the following spells:

 Spells                   Type           Power      Damage    Failure   Level
 Passwall                 Tmut/Erth      7%         N/A       12%         2
 Stone Arrow              Conj/Erth      14%        3d7       28%         3
 Petrify                  Tmut/Erth      9%         N/A       58%         4
 Brom's Barrelling Bould  Conj/Erth      7%         2d3       67%         4


Dungeon Overview and Level Annotations

Branches:
Dungeon (1/15)

Altars:


Innate Abilities, Weirdness & Mutations

You are immune to sickness and miasma.
Your stone body is resilient. (AC +2)
You are immune to poison.
You resist negative energy. (rN+)
You are resistant to electric shocks. (rElec)
You are resistant to unholy torment.
You are immune to petrification.


Message History

You miscast Sandblast.
You are very lightly contaminated with residual magic.
Nothing appears to happen.
The blast of sand hits the goblin.
The goblin is heavily wounded.
The blast of sand misses the goblin.
The goblin misses you.
A hobgoblin comes into view.
There are monsters nearby!
The blast of sand hits the goblin!
You kill the goblin!
The hobgoblin shouts!
You can't see any susceptible monsters within range! (Use Z to cast anyway.)
The blast of sand hits the hobgoblin.
The hobgoblin is severely wounded.
Your magical contamination has completely faded away.
You are out of magic!
You are out of magic!
The blast of sand hits the hobgoblin.
You kill the hobgoblin!
You see here a hobgoblin corpse.
Things that are here:
a +0 dagger; a goblin corpse A kobold and a gnoll come into view.
The gnoll is wielding a +2 spear of distortion.
The blast of sand hits the kobold.
You kill the kobold!
You can't see any susceptible monsters within range! (Use Z to cast anyway.)
You start resting.
Magic restored.
Things that are here:
a +0 dagger; 4 stones The blast of sand hits the gnoll!
The gnoll is heavily wounded.
The gnoll shouts!
The blast of sand hits the gnoll.
The gnoll is almost dead.
The gnoll hits you from afar with a +2 spear of distortion!
Space warps horribly around you!!
Ouch! That really hurt!
You die...

#†# #.#
### #)#
#.. #.#
#.# #.#
#.# #.#
#.# #.#
#g# #.#
#.# #.#
#@# #.#
#.#
#.######.#
#........#
##########


You could see a gnoll.

Vanquished Creatures
  A bat (D:1)
  An endoplasm (D:1)
  3 giant cockroaches (D:1)
  2 goblins (D:1)
  4 hobgoblins (D:1)
  4 kobolds (D:1)
  A ball python (D:1)
  3 frilled lizards (D:1)
  A rat (D:1)
20 creatures vanquished.

Notes
Turn   | Place    | Note
-------+----------+-------------------------------------------
     0 | D:1      | arthad the Gargoyle Earth Elementalist began the quest for
                  | the Orb.
     0 | D:1      | Reached XP level 1. HP: 10/10 MP: 3/3
   266 | D:1      | Reached skill level 1 in Transmutations
   266 | D:1      | Reached XP level 2. HP: 15/15 MP: 1/5
   908 | D:1      | Demolished by a gnoll

Illustrated notes

Levels and vault maps discovered:
D:1:      sevenhm_arrival_forest_fort_large_4, layout_basic

Skill      XL: |  1 |
---------------+----+-----
Transmutations | 1 |  1.2
Dodging        | |  1.8
Stealth        | |  2.5
Spellcasting   | |  2.2
Earth Magic    | |  3.9

Action                     || total
---------------------------++-------
  Melee: Whip              ||     2
   Cast: Sandblast         ||    36
 Armour: Robe              ||     4
  Dodge: Dodged            ||     9

Table legend: (Time is in decaauts)
 A = Elapsed time spent in this place.
 B = Non-inter-level travel time spent in this place.
 C = Inter-level travel time spent in this place.
 D = Time resting spent in this place.
 E = Time spent auto-exploring this place.
 F = Levels seen in this place.
 G = Mean time per level.
                   A        B        C        D        E       F      G
               +--------+--------+--------+--------+--------+-----+--------+
         Total |    925 |    925 |      0 |      8 |    799 |   1 |  925.0 |
       Dungeon |    925 |    925 |      0 |      8 |    799 |   1 |  925.0 |
               +--------+--------+--------+--------+--------+-----+--------+

Top non-repeatable levels by time:
     D:1: 925 daAuts
